 Dungeon Crawl Stone Soup version 0.27-a0-1200-g94dc6ad4cf (webtiles) character file.

Game seed: 7476699905118589631

105 Delamore the Skirmisher (level 4, -3/29 HPs)
             Began as a Gargoyle Fighter on May 29, 2021.
             Shot with an arrow by a centaur (8 damage)
             ... on level 3 of the Dungeon.
             The game lasted 00:02:52 (2496 turns).

Delamore the Skirmisher (Gargoyle Fighter)          Turns: 2496, Time: 00:02:53

Health: -3/29      AC: 10    Str: 21    XL:     4   Next: 81%
Magic:  4/4        EV:  9    Int:  8    God:
Gold:   150        SH:  4    Dex:  9    Spells: 3/3 levels left

rFire    + . .     SeeInvis .   l - +1 mace (drain)
rCold    . . .     Faith    .   i - +0 buckler
rNeg     + . .     Spirit   .   b - +0 scale mail
rPois    ∞         Reflect  .   (no helmet)
rElec    +         Harm     .   (no cloak)
rCorr    .         Rampage  .   (no gloves)
Will     .....                  (no boots)
Stlth    ..........             (no amulet)
HPRegen  0.09/turn              e - ring of protection from fire
MPRegen  0.09/turn              (no ring)

@: no status effects
A: sickness immunity, AC +3, negative energy resistance 1, electricity
resistance, torment resistance 1, petrification resistance
a: no special abilities


You were on level 3 of the Dungeon.
You visited 1 branch of the dungeon, and saw 3 of its levels.

You collected 150 gold pieces.

Inventory:

Hand Weapons
 a - a +0 flail
 l - a +1 mace of draining (weapon)
Armour
 b - a +0 scale mail (worn)
 c - a +0 kite shield
 i - a +0 buckler (worn)
Jewellery
 e - a ring of protection from fire (left hand)
Scrolls
 f - a scroll of noise
 g - a scroll of amnesia {unknown}
 j - a scroll of immolation
 m - a scroll of enchant weapon {unknown}
 p - a scroll of enchant armour {unknown}
 q - a scroll of teleportation {unknown}
Potions
 d - a potion of might
 h - a potion of magic {unknown}
 k - a potion of heal wounds {unknown}
 n - a potion of degeneration {unknown}
 o - a potion of cancellation {unknown}


   Skills:
 + Level 4.2 Fighting
 * Level 3.9 Maces & Flails
 - Level 3.2 Armour
 + Level 3.6 Shields


You had 3 spell levels left.
You didn't know any spells.
Your spell library was empty.

Dungeon Overview and Level Annotations

Branches:
Dungeon (3/15)

Altars:
Xom


Innate Abilities, Weirdness & Mutations

You are immune to sickness and miasma.
Your stone body is resilient. (AC +3)
You are immune to poison.
You resist negative energy. (rN+)
You are resistant to electric shocks. (rElec)
You are resistant to unholy torment.
You are immune to petrification.


Message History

No target in view!
No target in view!
No target in view!
You see here a quokka corpse.
You now have 135 gold pieces (gained 9).
There is a stone staircase leading down here.
A rat comes into view.
A rat is nearby!
A rat is nearby!
You block the rat's attack.
You thump the rat!
You kill the rat!
No target in view!
No target in view!
No target in view!
No target in view!
No target in view!
No target in view!
No target in view!
q - a scroll labelled PIFAST PUSE You now have 150 gold pieces (gained 15).
A hobgoblin and a centaur come into view.
The hobgoblin shouts!
The centaur wields a +0 shortbow.
The centaur shoots an arrow.
The arrow hits you.
There are monsters nearby!
The centaur shoots an arrow.
The arrow hits you! The hobgoblin hits you.
The centaur shoots an arrow.
The arrow closely misses you.
The centaur shoots an arrow.
The arrow hits you.
The centaur unwields a +0 shortbow.
The centaur completely misses you.
The centaur kicks you but does no damage.
The centaur wields a +0 shortbow.
The centaur shoots an arrow.
You block the arrow.
The centaur shoots an arrow.
You block the arrow.
The centaur shoots an arrow.
The arrow hits you.
* * * LOW HITPOINT WARNING * * *
The centaur shoots an arrow.
The arrow hits you.
* * * LOW HITPOINT WARNING * * *
The centaur shoots an arrow.
The arrow hits you!
You die...

#..... #.#c..# ... #.##.. ##.#
#.# #.##.# ##.#####.# #.##.#
#.#.#.....# #.##.####
#.......## #.......# #####...#
#######†.>....# #..##
..............###### #..#
.######.........@.g###..#####.
....................c.........
.######.......####.###.######.
.# #.......# #.# #.# .##
########### #.# #.# ..##..##
#.# #.# .......## #.# #.#
........## #.# #.# .........#
#.# #..


You could see a centaur and a hobgoblin.

Vanquished Creatures
  Terence (D:1)
  An adder (D:3)
  A white imp (D:3)
  A worm (D:2)
  4 ball pythons
  6 bats
  2 endoplasms (D:1)
  2 giant cockroaches (D:1)
  5 goblins
  3 hobgoblins
  13 jackals
  3 kobolds (D:1)
  5 quokkas
  2 frilled lizards (D:1)
  4 rats
53 creatures vanquished.

Notes
Turn   | Place    | Note
-------+----------+-------------------------------------------
     0 | D:1      | Delamore the Gargoyle Fighter began the quest for the Orb.
     0 | D:1      | Reached XP level 1. HP: 14/14 MP: 1/1
   127 | D:1      | Reached XP level 2. HP: 19/19 MP: 2/2
   606 | D:1      | Reached XP level 3. HP: 24/24 MP: 3/3
  1418 | D:2      | Noticed Terence
  1538 | D:1      | Killed Terence
  1539 | D:1      | Reached skill level 4 in Fighting
  1539 | D:1      | Reached XP level 4. HP: 7/29 MP: 4/4
  1817 | D:2      | Found a shimmering altar of Xom.
  2480 | D:3      | Noticed a centaur
  2496 | D:3      | Shot with an arrow by a centaur

Illustrated notes

Levels and vault maps discovered:
D:1:      dpeg_arrival_shrine, layout_basic, minmay_misc_feat_secret_circle,
          minmay_pentomino_p4
D:2:      layout_basic, basic_altar, uniq_terence
D:3:      layout_loops_ring, st_stairs_5

Skill      XL: |  1  2  3 |
---------------+----------+-----
Maces & Flails | 3 |  3.9
Fighting       | 4 |  4.2
Armour         | |  3.2
Shields        | |  3.6

Action                   |  1- 3 |  4- 6 || total
-------------------------+-------+-------++-------
Melee: Flail             |   136 |     1 ||   137
       Mace              |       |    42 ||    42
  Use: Scroll            |       |     2 ||     2
Armor: Scale mail        |    92 |    17 ||   109
Dodge: Dodged            |    78 |    21 ||    99
Block: Kite shield       |    74 |       ||    74
       Buckler           |    10 |    13 ||    23

Table legend: (Time is in decaauts)
 A = Elapsed time spent in this place.
 B = Non-inter-level travel time spent in this place.
 C = Inter-level travel time spent in this place.
 D = Time resting spent in this place.
 E = Time spent auto-exploring this place.
 F = Levels seen in this place.
 G = Mean time per level.
                   A        B        C        D        E       F      G
               +--------+--------+--------+--------+--------+-----+--------+
         Total |   2570 |   2477 |     93 |    293 |   1739 |   3 |  856.7 |
       Dungeon |   2570 |   2477 |     93 |    293 |   1739 |   3 |  856.7 |
               +--------+--------+--------+--------+--------+-----+--------+

Top non-repeatable levels by time:
     D:1: 1564 daAuts
     D:2: 671 daAuts
     D:3: 334 daAuts
